3248 views
Uploaded 2020-03-20 04:08:53
Game version 1.32.3
37:22 long 4on4 ladder game on (8)MarketSquare
Saved by ChuckleMan
3248 views
Uploaded 2020-03-20 04:08:53
Game version 1.32.3
37:22 long 4on4 ladder game on (8)MarketSquare


223 units @ 30.8k
/ 4.8k
78 buildings @ 14.6k
/ 6.7k


| Wisp | 17 | 1020 | / | 0 |
| Dryad | 5 | 725 | / | 300 |
| Druid of the Claw | 6 | 1530 | / | 480 |
| Hippogryph | 6 | 960 | / | 120 |
| total: | 34 | 4235g | / | 900w |
| Altar of Elders | 1 | 180 | / | 50 |
| Moon Well | 8 | 1440 | / | 320 |
| Hunter's Hall | 1 | 210 | / | 100 |
| Tree of Life | 1 | 340 | / | 185 |
| Ancient of Wonders | 1 | 90 | / | 30 |
| Ancient of Lore | 2 | 310 | / | 290 |
| Ancient of Wind | 2 | 300 | / | 280 |
| Tree of Ages | 1 | 320 | / | 180 |
| Tree of Eternity | 1 | 330 | / | 200 |
| total: | 16 | 2870g | / | 1255w |
| 0:03 | Wisp |
| 0:03 | Wisp |
| 0:30 | Altar of Elders |
| 0:33 | Moon Well |
| 0:36 | Wisp |
| 0:36 | Wisp |
| 0:37 | Wisp |
| 1:25 | Wisp |
| 1:26 | Wisp |
| 1:26 | Wisp |
| 1:26 | Wisp |
| 2:00 | Wisp |
| 2:23 | Tree of Ages |
| 2:47 | Entangling Roots |
| 2:55 | Moon Well |
| 2:56 | Moon Well |
| 3:20 | Hunter's Hall |
| 4:46 | Wisp |
| 4:46 | Wisp |
| 4:48 | Ancient of Lore |
| 4:51 | Ancient of Lore |
| 5:15 | Tree of Eternity |
| 5:17 | Strength of the Wild |
| 5:17 | Reinforced Hides |
| 5:55 | Moon Well |
| 5:57 | Moon Well |
| 6:00 | Druid of the Claw Adept Training |
| 6:02 | Force of Nature |
| 6:06 | Dryad |
| 6:06 | Abolish Magic |
| 7:20 | Druid of the Claw |
| 7:24 | Shadow Strike |
| 7:43 | Druid of the Claw Master Training |
| 7:46 | Druid of the Claw |
| 8:35 | Tree of Life |
| 9:22 | Druid of the Claw |
| 9:22 | Dryad |
| 9:41 | Mark of the Claw |
| 9:42 | Improved Strength of the Wild |
| 11:00 | Wisp |
| 11:00 | Wisp |
| 11:00 | Wisp |
| 11:01 | Wisp |
| 11:01 | Wisp |
| 11:05 | Druid of the Claw |
| 11:06 | Dryad |
| 11:12 | Force of Nature |
| 11:40 | Advanced Strength of the Wild |
| 12:05 | Moon Well |
| 12:06 | Moon Well |
| 12:06 | Moon Well |
| 12:41 | Blink |
| 13:49 | Shadow Strike |
| 14:42 | Druid of the Claw |
| 14:42 | Druid of the Claw |
| 15:32 | Entangling Roots |
| 15:37 | Dryad |
| 15:37 | Dryad |
| 15:39 | Ancient of Wonders |
| 15:57 | Ancient of Wind |
| 15:59 | Ancient of Wind |
| 17:26 | Hippogryph |
| 17:26 | Hippogryph |
| 17:27 | Hippogryph |
| 18:04 | Hippogryph |
| 20:28 | Fan of Knives |
| 21:19 | Force of Nature |
| 22:09 | Hippogryph |
| 22:09 | Hippogryph |
| 24:09 | Shadow Strike |
| 31:32 | Tranquility |
| 33:41 | Spirit of Vengeance |
| Right click | 1526 |
| Select | 264 |
| Select group | 223 |
| Build/train/purchase | 115 |
| Use ability | 63 |
| Minimap ping | 38 |
| Resource trade | 37 |
| Assign group | 23 |
| Chat | 15 |
| Misc. action | 14 |
| Remove unit | 4 |


| Rod of Necromancy | 2 | 300 |
| Orb of Corruption | 1 | 375 |
| Scroll of Town Portal | 2 | 700 |
| total: | 5 | 1375g |
| Acolyte | 17 | 1275 | / | 0 |
| Ghoul | 5 | 600 | / | 0 |
| Crypt Fiend | 4 | 860 | / | 160 |
| Obsidian Statue | 4 | 800 | / | 140 |
| Frost Wyrm | 9 | 3465 | / | 1080 |
| total: | 39 | 7000g | / | 1380w |
| Nerubian Tower | 1 | 100 | / | 20 |
| Ziggurat | 8 | 1200 | / | 400 |
| Altar of Darkness | 1 | 180 | / | 50 |
| Crypt | 1 | 200 | / | 50 |
| Graveyard | 2 | 430 | / | 0 |
| Tomb of Relics | 1 | 130 | / | 30 |
| Slaughterhouse | 1 | 140 | / | 135 |
| Sacrificial Pit | 1 | 75 | / | 150 |
| Boneyard | 2 | 350 | / | 400 |
| Halls of the Dead | 1 | 320 | / | 210 |
| Black Citadel | 1 | 325 | / | 230 |
| total: | 17 | 2705g | / | 1215w |
| 0:05 | Acolyte |
| 0:05 | Acolyte |
| 0:08 | Ziggurat |
| 0:13 | Altar of Darkness |
| 0:38 | Crypt |
| 1:00 | Graveyard |
| 1:06 | Graveyard |
| 1:15 | Tomb of Relics |
| 1:39 | Ghoul |
| 1:54 | Ziggurat |
| 1:57 | Ghoul |
| 2:10 | Nerubian Tower |
| 2:24 | Rod of Necromancy |
| 2:27 | Death Coil |
| 2:57 | Crypt Fiend |
| 3:09 | Crypt Fiend |
| 3:57 | Halls of the Dead |
| 4:19 | Rod of Necromancy |
| 4:33 | Crypt Fiend |
| 5:32 | Unholy Aura |
| 6:01 | Ghoul |
| 6:18 | Black Citadel |
| 6:23 | Slaughterhouse |
| 6:24 | Sacrificial Pit |
| 6:26 | Ziggurat |
| 6:29 | Ghoul |
| 6:29 | Ghoul |
| 7:31 | Web |
| 7:32 | Obsidian Statue |
| 7:43 | Death Coil |
| 8:51 | Boneyard |
| 8:53 | Boneyard |
| 8:55 | Ziggurat |
| 8:55 | Ziggurat |
| 9:08 | Scroll of Town Portal |
| 9:20 | Orb of Corruption |
| 9:34 | Sleep |
| 9:54 | Creature Attack |
| 10:18 | Frost Wyrm |
| 10:46 | Vampiric Aura |
| 11:20 | Unholy Aura |
| 11:24 | Frost Wyrm |
| 11:29 | Improved Creature Attack |
| 11:36 | Acolyte |
| 11:41 | Ziggurat |
| 11:45 | Freezing Breath |
| 12:25 | Sleep |
| 12:45 | Creature Carapace |
| 12:59 | Frost Wyrm |
| 14:37 | Acolyte |
| 14:37 | Acolyte |
| 14:37 | Acolyte |
| 14:53 | Obsidian Statue |
| 14:56 | Improved Creature Carapace |
| 15:22 | Scroll of Town Portal |
| 15:37 | Ziggurat |
| 16:07 | Obsidian Statue |
| 16:36 | Death Coil |
| 16:47 | Vampiric Aura |
| 17:31 | Advanced Creature Attack |
| 17:34 | Frost Wyrm |
| 17:36 | Ziggurat |
| 17:52 | Frost Wyrm |
| 18:13 | Frost Wyrm |
| 18:50 | Sleep |
| 19:22 | Crypt Fiend |
| 19:24 | Acolyte |
| 19:35 | Animate Dead |
| 21:54 | Frost Wyrm |
| 21:55 | Advanced Creature Carapace |
| 21:57 | Acolyte |
| 24:08 | Inferno |
| 25:16 | Frost Wyrm |
| 26:03 | Acolyte |
| 26:07 | Acolyte |
| 26:07 | Acolyte |
| 27:29 | Acolyte |
| 27:29 | Acolyte |
| 28:40 | Unholy Aura |
| 29:11 | Frost Wyrm |
| 29:32 | Obsidian Statue |
| 31:55 | Vampiric Aura |
| 35:01 | Acolyte |
| 35:01 | Acolyte |
| 35:01 | Acolyte |
| 35:02 | Acolyte |
| 36:31 | Death Pact |
| Right click | 901 |
| Select group | 796 |
| Select | 393 |
| Assign group | 101 |
| Build/train/purchase | 94 |
| Use ability | 81 |
| Minimap ping | 15 |
| Item give/drop | 1 |
| Remove unit | 1 |


| Wisp | 22 | 1320 | / | 0 |
| Archer | 31 | 4030 | / | 310 |
| Glaive Thrower | 11 | 2310 | / | 715 |
| Hippogryph | 6 | 960 | / | 120 |
| total: | 70 | 8620g | / | 1145w |
| Ancient Protector | 5 | 675 | / | 400 |
| Altar of Elders | 1 | 180 | / | 50 |
| Moon Well | 10 | 1800 | / | 400 |
| Ancient of War | 2 | 300 | / | 120 |
| Hunter's Hall | 1 | 210 | / | 100 |
| Tree of Life | 2 | 680 | / | 370 |
| Ancient of Wind | 2 | 300 | / | 280 |
| Tree of Ages | 1 | 320 | / | 180 |
| Tree of Eternity | 1 | 330 | / | 200 |
| total: | 23 | 4145g | / | 1720w |
| 0:02 | Wisp |
| 0:02 | Wisp |
| 0:02 | Wisp |
| 0:10 | Altar of Elders |
| 0:12 | Wisp |
| 0:17 | Moon Well |
| 0:29 | Wisp |
| 0:32 | Wisp |
| 0:43 | Wisp |
| 1:05 | Ancient of War |
| 1:19 | Wisp |
| 1:32 | Moon Well |
| 1:51 | Wisp |
| 1:51 | Wisp |
| 2:08 | Archer |
| 2:08 | Archer |
| 2:15 | Searing Arrows |
| 2:30 | Archer |
| 2:30 | Wisp |
| 2:31 | Wisp |
| 2:31 | Wisp |
| 2:50 | Archer |
| 3:13 | Archer |
| 3:14 | Wisp |
| 3:15 | Wisp |
| 3:15 | Wisp |
| 3:29 | Tree of Ages |
| 3:51 | Archer |
| 3:53 | Archer |
| 3:57 | Moon Well |
| 4:58 | Archer |
| 4:58 | Archer |
| 5:01 | Hunter's Hall |
| 5:37 | Archer |
| 6:01 | Improved Bows |
| 6:03 | Ancient of War |
| 6:05 | Moon Well |
| 6:06 | Moon Well |
| 6:11 | Trueshot Aura |
| 6:44 | Trueshot Aura |
| 6:54 | Archer |
| 6:54 | Archer |
| 6:57 | Strength of the Moon |
| 7:30 | Archer |
| 7:30 | Archer |
| 7:42 | Entangling Roots |
| 7:58 | Archer |
| 8:22 | Improved Strength of the Moon |
| 8:25 | Moon Well |
| 9:23 | Archer |
| 9:40 | Searing Arrows |
| 10:16 | Archer |
| 10:17 | Archer |
| 10:17 | Archer |
| 10:33 | Thorns Aura |
| 10:49 | Archer |
| 11:36 | Vorpal Blades |
| 11:37 | Glaive Thrower |
| 11:37 | Glaive Thrower |
| 11:49 | Moon Well |
| 11:50 | Moon Well |
| 12:28 | Moon Well |
| 12:31 | Moon Well |
| 13:33 | Archer |
| 13:33 | Archer |
| 13:36 | Glaive Thrower |
| 15:00 | Glaive Thrower |
| 15:00 | Glaive Thrower |
| 15:10 | Tree of Life |
| 15:41 | Tree of Eternity |
| 15:59 | Ancient of Wind |
| 16:00 | Ancient of Wind |
| 17:59 | Archer |
| 17:59 | Archer |
| 17:59 | Archer |
| 17:59 | Archer |
| 17:59 | Archer |
| 18:42 | Trueshot Aura |
| 18:54 | Archer |
| 18:55 | Archer |
| 19:27 | Entangling Roots |
| 20:02 | Archer |
| 20:02 | Archer |
| 20:27 | Wisp |
| 20:27 | Wisp |
| 20:27 | Wisp |
| 20:28 | Wisp |
| 20:29 | Ancient Protector |
| 20:32 | Ancient Protector |
| 20:34 | Wisp |
| 20:34 | Wisp |
| 21:08 | Glaive Thrower |
| 22:43 | Glaive Thrower |
| 22:44 | Glaive Thrower |
| 23:26 | Ancient Protector |
| 23:29 | Ancient Protector |
| 23:34 | Ancient Protector |
| 26:23 | Tree of Life |
| 27:43 | Glaive Thrower |
| 27:43 | Glaive Thrower |
| 27:43 | Glaive Thrower |
| 28:00 | Hippogryph |
| 28:00 | Hippogryph |
| 28:00 | Hippogryph |
| 28:00 | Hippogryph |
| 28:01 | Hippogryph |
| 28:01 | Hippogryph |
| 31:31 | Starfall |
| 34:01 | Thorns Aura |
| Right click | 1044 |
| Select | 485 |
| Minimap ping | 241 |
| Build/train/purchase | 135 |
| Misc. action | 127 |
| Chat | 77 |
| Select group | 57 |
| Use ability | 32 |
| Resource trade | 9 |
| Assign group | 2 |
| Item give/drop | 1 |

x1)
| Scroll of Town Portal | 1 | 350 |
| Tome of Retraining | 1 | 300 |
| Potion of Lesser Invulnerability | 1 | 150 |
| Boots of Speed | 1 | 250 |
| Staff of Teleportation | 1 | 150 |
| total: | 5 | 1200g |
| Wisp | 32 | 1920 | / | 0 |
| Archer | 7 | 910 | / | 70 |
| Druid of the Talon | 1 | 145 | / | 20 |
| Hippogryph | 31 | 4960 | / | 620 |
| Chimaera | 9 | 2970 | / | 630 |
| total: | 80 | 10905g | / | 1340w |
| Altar of Elders | 1 | 180 | / | 50 |
| Moon Well | 7 | 1260 | / | 280 |
| Ancient of War | 1 | 150 | / | 60 |
| Hunter's Hall | 1 | 210 | / | 100 |
| Tree of Life | 7 | 2380 | / | 1295 |
| Ancient of Wonders | 1 | 90 | / | 30 |
| Ancient of Wind | 2 | 300 | / | 280 |
| Chimaera Roost | 2 | 280 | / | 380 |
| Tree of Ages | 2 | 640 | / | 360 |
| Tree of Eternity | 2 | 660 | / | 400 |
| total: | 22 | 4850g | / | 2475w |
| 0:07 | Wisp |
| 0:07 | Wisp |
| 0:11 | Altar of Elders |
| 0:29 | Moon Well |
| 0:37 | Wisp |
| 0:43 | Ancient of War |
| 1:05 | Wisp |
| 1:05 | Wisp |
| 1:15 | Wisp |
| 1:37 | Wisp |
| 1:41 | Moon Well |
| 1:50 | Wisp |
| 1:51 | Archer |
| 2:09 | Wisp |
| 2:27 | Black Arrow |
| 2:34 | Archer |
| 2:34 | Archer |
| 2:39 | Wisp |
| 2:39 | Wisp |
| 2:57 | Archer |
| 3:18 | Tree of Ages |
| 3:40 | Archer |
| 3:59 | Moon Well |
| 4:11 | Life Drain |
| 4:34 | Hunter's Hall |
| 4:52 | Archer |
| 4:52 | Archer |
| 5:43 | Tree of Eternity |
| 6:27 | Black Arrow |
| 6:58 | Ancient of Wind |
| 7:00 | Ancient of Wind |
| 7:34 | Moon Well |
| 7:35 | Moon Well |
| 8:17 | Tree of Life |
| 8:24 | Druid of the Talon |
| 8:31 | Chimaera Roost |
| 8:32 | Chimaera Roost |
| 8:42 | Life Drain |
| 8:55 | Strength of the Wild |
| 8:55 | Reinforced Hides |
| 8:57 | Hippogryph |
| 8:58 | Hippogryph |
| 9:30 | Moon Well |
| 9:32 | Moon Well |
| 10:00 | Chimaera |
| 11:29 | Wisp |
| 11:29 | Wisp |
| 11:29 | Wisp |
| 11:29 | Wisp |
| 11:29 | Wisp |
| 11:34 | Chimaera |
| 11:34 | Chimaera |
| 11:34 | Chimaera |
| 12:24 | Tome of Retraining |
| 12:24 | Retrain Hero |
| 12:25 | Potion of Lesser Invulnerability |
| 12:27 | Boots of Speed |
| 12:42 | Ancient of Wonders |
| 13:01 | Hippogryph |
| 13:01 | Hippogryph |
| 13:12 | Silence |
| 13:12 | Silence |
| 13:13 | Life Drain |
| 13:13 | Life Drain |
| 13:52 | Chimaera |
| 13:53 | Chimaera |
| 13:53 | Chimaera |
| 13:55 | Hippogryph |
| 13:55 | Hippogryph |
| 15:20 | Hippogryph |
| 15:21 | Hippogryph |
| 15:21 | Hippogryph |
| 15:23 | Chimaera |
| 15:23 | Chimaera |
| 15:44 | Improved Strength of the Wild |
| 15:44 | Improved Reinforced Hides |
| 17:32 | Staff of Teleportation |
| 18:15 | Hippogryph |
| 18:15 | Hippogryph |
| 18:15 | Hippogryph |
| 18:15 | Hippogryph |
| 19:15 | Charm |
| 19:51 | Corrosive Breath |
| 19:54 | Hippogryph |
| 19:54 | Hippogryph |
| 19:54 | Hippogryph |
| 21:04 | Tree of Life |
| 21:09 | Tree of Life |
| 23:33 | Wisp |
| 23:34 | Wisp |
| 23:34 | Wisp |
| 23:34 | Wisp |
| 24:39 | Scroll of Town Portal |
| 27:17 | Tree of Life |
| 28:06 | Hippogryph |
| 28:06 | Hippogryph |
| 28:06 | Hippogryph |
| 28:06 | Hippogryph |
| 28:06 | Hippogryph |
| 28:06 | Hippogryph |
| 29:00 | Life Drain |
| 29:25 | Hippogryph |
| 29:25 | Hippogryph |
| 29:31 | Wisp |
| 29:32 | Wisp |
| 29:32 | Wisp |
| 29:32 | Wisp |
| 30:40 | Tree of Life |
| 30:54 | Tree of Life |
| 32:04 | Hippogryph |
| 32:04 | Hippogryph |
| 32:05 | Hippogryph |
| 32:05 | Hippogryph |
| 32:05 | Hippogryph |
| 32:05 | Hippogryph |
| 32:05 | Hippogryph |
| 32:47 | Wisp |
| 32:48 | Wisp |
| 32:48 | Wisp |
| 32:51 | Wisp |
| 32:51 | Wisp |
| 32:51 | Wisp |
| 32:51 | Wisp |
| 32:51 | Wisp |
| 34:40 | Tree of Life |
| Select group | 886 |
| Right click | 774 |
| Select | 392 |
| Build/train/purchase | 123 |
| Assign group | 61 |
| Use ability | 23 |
| Item give/drop | 2 |
| Minimap ping | 2 |
169 units @ 23.8k
/ 3.2k
280 buildings @ 23.1k
/ 11.4k


| Potion of Healing | 2 | 300 |
| Scroll of Regeneration | 2 | 200 |
| Staff of Sanctuary | 1 | 250 |
| Scroll of Town Portal | 6 | 2100 |
| Staff of Teleportation | 2 | 300 |
| Boots of Speed | 3 | 750 |
| total: | 16 | 3900g |
| Peasant | 26 | 1950 | / | 0 |
| Gryphon Rider | 10 | 2800 | / | 700 |
| Dragonhawk Rider | 6 | 1200 | / | 180 |
| total: | 42 | 5950g | / | 880w |
| Scout Tower | 130 | 3900 | / | 2600 |
| Arcane Tower | 1 | 70 | / | 50 |
| Guard Tower | 33 | 2310 | / | 1650 |
| Altar of Kings | 1 | 180 | / | 50 |
| Farm | 11 | 880 | / | 220 |
| Lumber Mill | 5 | 600 | / | 0 |
| Blacksmith | 2 | 280 | / | 120 |
| Town Hall | 5 | 1925 | / | 1025 |
| Arcane Vault | 1 | 130 | / | 30 |
| Barracks | 1 | 160 | / | 60 |
| Gryphon Aviary | 3 | 420 | / | 450 |
| Keep | 1 | 320 | / | 210 |
| Castle | 1 | 360 | / | 210 |
| total: | 159 | 8475g | / | 4555w |
| 0:04 | Altar of Kings |
| 0:08 | Peasant |
| 0:08 | Peasant |
| 0:31 | Farm |
| 0:42 | Scout Tower |
| 0:50 | Peasant |
| 0:58 | Peasant |
| 1:10 | Peasant |
| 1:17 | Arcane Tower |
| 1:21 | Peasant |
| 1:24 | Blizzard |
| 1:33 | Lumber Mill |
| 1:55 | Peasant |
| 1:55 | Peasant |
| 2:06 | Scout Tower |
| 2:08 | Farm |
| 2:21 | Peasant |
| 2:21 | Peasant |
| 2:21 | Peasant |
| 2:36 | Guard Tower |
| 2:37 | Scout Tower |
| 2:44 | Scout Tower |
| 2:45 | Scout Tower |
| 2:46 | Improved Masonry |
| 2:51 | Scout Tower |
| 3:13 | Guard Tower |
| 3:47 | Guard Tower |
| 3:59 | Keep |
| 4:21 | Farm |
| 4:46 | Scout Tower |
| 4:47 | Scout Tower |
| 4:50 | Scout Tower |
| 4:51 | Scout Tower |
| 5:03 | Blacksmith |
| 5:50 | Guard Tower |
| 6:01 | Staff of Teleportation |
| 6:01 | Boots of Speed |
| 6:15 | Scout Tower |
| 6:17 | Scout Tower |
| 6:18 | Scout Tower |
| 6:19 | Scout Tower |
| 6:21 | Scout Tower |
| 6:23 | Scout Tower |
| 6:42 | Brilliance Aura |
| 6:45 | Guard Tower |
| 6:47 | Guard Tower |
| 6:49 | Guard Tower |
| 6:51 | Guard Tower |
| 6:54 | Guard Tower |
| 7:40 | Town Hall |
| 7:45 | Peasant |
| 8:06 | Advanced Masonry |
| 8:09 | Scout Tower |
| 8:24 | Peasant |
| 8:50 | Scout Tower |
| 8:51 | Guard Tower |
| 8:53 | Peasant |
| 8:53 | Peasant |
| 8:54 | Peasant |
| 8:54 | Peasant |
| 8:56 | Improved Lumber Harvesting |
| 9:13 | Scout Tower |
| 9:14 | Scout Tower |
| 9:24 | Lumber Mill |
| 9:27 | Lumber Mill |
| 9:32 | Guard Tower |
| 9:34 | Scout Tower |
| 9:47 | Peasant |
| 9:47 | Peasant |
| 9:47 | Peasant |
| 9:48 | Peasant |
| 9:48 | Peasant |
| 9:52 | Peasant |
| 9:54 | Guard Tower |
| 10:12 | Scout Tower |
| 10:14 | Guard Tower |
| 10:18 | Rain of Fire |
| 10:59 | Castle |
| 11:21 | Scout Tower |
| 11:24 | Scout Tower |
| 11:25 | Scout Tower |
| 11:27 | Scout Tower |
| 11:32 | Guard Tower |
| 11:33 | Scout Tower |
| 11:34 | Scout Tower |
| 11:35 | Scout Tower |
| 11:37 | Scout Tower |
| 11:38 | Scout Tower |
| 11:38 | Scout Tower |
| 11:42 | Scout Tower |
| 11:42 | Scout Tower |
| 11:43 | Scout Tower |
| 11:44 | Scout Tower |
| 11:45 | Scout Tower |
| 11:46 | Scout Tower |
| 11:47 | Scout Tower |
| 11:47 | Scout Tower |
| 11:50 | Boots of Speed |
| 11:50 | Staff of Teleportation |
| 11:56 | Boots of Speed |
| 11:58 | Scroll of Town Portal |
| 12:05 | Blacksmith |
| 12:07 | Arcane Vault |
| 12:09 | Guard Tower |
| 12:18 | Guard Tower |
| 12:33 | Gryphon Aviary |
| 12:43 | Guard Tower |
| 12:49 | Guard Tower |
| 13:05 | Gryphon Aviary |
| 13:20 | Gryphon Aviary |
| 13:26 | Farm |
| 13:57 | Storm Hammers |
| 13:59 | Gryphon Rider |
| 14:02 | Farm |
| 14:02 | Farm |
| 14:04 | Farm |
| 14:04 | Farm |
| 14:16 | Potion of Healing |
| 14:39 | Gryphon Rider |
| 14:57 | Scroll of Regeneration |
| 15:05 | Iron Forged Swords |
| 15:05 | Studded Leather Armor |
| 15:10 | Farm |
| 15:13 | Farm |
| 15:18 | Barracks |
| 15:34 | Guard Tower |
| 15:43 | Blizzard |
| 16:02 | Gryphon Rider |
| 16:23 | Steel Forged Swords |
| 16:44 | Scout Tower |
| 16:44 | Scout Tower |
| 16:44 | Scout Tower |
| 16:45 | Scout Tower |
| 16:45 | Scout Tower |
| 16:46 | Scout Tower |
| 16:46 | Scout Tower |
| 16:47 | Scout Tower |
| 16:47 | Scout Tower |
| 16:47 | Scout Tower |
| 17:25 | Reinforced Leather Armor |
| 17:27 | Animal War Training |
| 17:28 | Imbued Masonry |
| 17:30 | Advanced Lumber Harvesting |
| 17:34 | Scout Tower |
| 17:34 | Scout Tower |
| 17:35 | Scout Tower |
| 17:35 | Scout Tower |
| 17:36 | Scout Tower |
| 17:36 | Scout Tower |
| 17:37 | Scout Tower |
| 17:43 | Brilliance Aura |
| 17:53 | Scout Tower |
| 17:54 | Scout Tower |
| 17:54 | Scout Tower |
| 17:55 | Scout Tower |
| 17:55 | Scout Tower |
| 17:56 | Scout Tower |
| 17:56 | Scout Tower |
| 17:57 | Scout Tower |
| 17:57 | Scout Tower |
| 17:58 | Scout Tower |
| 17:58 | Scout Tower |
| 17:58 | Scout Tower |
| 17:59 | Scout Tower |
| 17:59 | Scout Tower |
| 18:00 | Scout Tower |
| 18:00 | Scout Tower |
| 18:01 | Scout Tower |
| 18:01 | Scout Tower |
| 18:12 | Peasant |
| 18:14 | Lumber Mill |
| 18:53 | Guard Tower |
| 18:56 | Mithril Forged Swords |
| 19:14 | Guard Tower |
| 19:31 | Guard Tower |
| 19:58 | Scout Tower |
| 19:58 | Scout Tower |
| 19:58 | Scout Tower |
| 19:59 | Scout Tower |
| 19:59 | Scout Tower |
| 20:00 | Scout Tower |
| 20:00 | Scout Tower |
| 20:00 | Scout Tower |
| 20:01 | Scout Tower |
| 20:01 | Scout Tower |
| 20:36 | Scout Tower |
| 20:36 | Scout Tower |
| 20:36 | Scout Tower |
| 20:37 | Scout Tower |
| 20:37 | Scout Tower |
| 20:37 | Scout Tower |
| 20:38 | Scout Tower |
| 20:38 | Scout Tower |
| 20:38 | Scout Tower |
| 20:39 | Scout Tower |
| 20:39 | Scout Tower |
| 20:39 | Scout Tower |
| 20:40 | Scout Tower |
| 20:41 | Scout Tower |
| 20:54 | Scroll of Town Portal |
| 20:55 | Staff of Sanctuary |
| 21:12 | Guard Tower |
| 21:16 | Gryphon Rider |
| 21:19 | Guard Tower |
| 22:19 | Dragonhide Armor |
| 22:24 | Blizzard |
| 23:22 | Potion of Healing |
| 23:22 | Scroll of Town Portal |
| 24:05 | Scroll of Regeneration |
| 24:06 | Scroll of Town Portal |
| 24:28 | Cloud |
| 25:36 | Dragonhawk Rider |
| 25:36 | Dragonhawk Rider |
| 25:40 | Farm |
| 26:12 | Gryphon Rider |
| 26:13 | Dragonhawk Rider |
| 26:23 | Dragonhawk Rider |
| 26:29 | Guard Tower |
| 27:33 | Mass Teleport |
| 28:56 | Scout Tower |
| 28:56 | Scout Tower |
| 28:56 | Scout Tower |
| 28:56 | Scout Tower |
| 28:56 | Scout Tower |
| 28:56 | Scout Tower |
| 28:57 | Scout Tower |
| 28:57 | Scout Tower |
| 28:57 | Scout Tower |
| 28:58 | Scout Tower |
| 28:58 | Scout Tower |
| 28:58 | Scout Tower |
| 28:58 | Scout Tower |
| 28:58 | Scout Tower |
| 28:58 | Scout Tower |
| 29:05 | Brilliance Aura |
| 29:29 | Guard Tower |
| 29:32 | Town Hall |
| 29:50 | Scout Tower |
| 29:50 | Scout Tower |
| 29:50 | Scout Tower |
| 29:51 | Scout Tower |
| 29:51 | Scout Tower |
| 29:51 | Scout Tower |
| 29:51 | Scout Tower |
| 29:54 | Scout Tower |
| 29:54 | Scout Tower |
| 29:55 | Scout Tower |
| 29:55 | Scout Tower |
| 29:55 | Scout Tower |
| 29:55 | Scout Tower |
| 29:55 | Scout Tower |
| 29:57 | Guard Tower |
| 30:16 | Scout Tower |
| 30:16 | Scout Tower |
| 30:18 | Guard Tower |
| 30:28 | Guard Tower |
| 30:30 | Guard Tower |
| 30:46 | Guard Tower |
| 30:52 | Guard Tower |
| 30:57 | Guard Tower |
| 32:16 | Gryphon Rider |
| 32:30 | Gryphon Rider |
| 32:30 | Gryphon Rider |
| 32:31 | Dragonhawk Rider |
| 32:47 | Peasant |
| 32:47 | Peasant |
| 33:47 | Town Hall |
| 33:55 | Dragonhawk Rider |
| 34:02 | Town Hall |
| 34:17 | Town Hall |
| 34:30 | Lumber Mill |
| 34:39 | Gryphon Rider |
| 35:18 | Gryphon Rider |
| 35:34 | Scroll of Town Portal |
| 35:34 | Scroll of Town Portal |
| Right click | 1578 |
| Select group | 866 |
| Select | 760 |
| Chat | 234 |
| Build/train/purchase | 172 |
| Use ability | 138 |
| Assign group | 78 |
| Misc. action | 70 |
| Esc | 14 |
| Minimap ping | 7 |
| Item give/drop | 5 |


| Scroll of Town Portal | 1 | 350 |
| Potion of Lesser Invulnerability | 1 | 150 |
| total: | 2 | 500g |
| Wisp | 31 | 1860 | / | 0 |
| Huntress | 24 | 4680 | / | 480 |
| Archer | 8 | 1040 | / | 80 |
| total: | 63 | 7580g | / | 560w |
| Ancient Protector | 7 | 945 | / | 560 |
| Altar of Elders | 2 | 360 | / | 100 |
| Moon Well | 11 | 1980 | / | 440 |
| Ancient of War | 4 | 600 | / | 240 |
| Hunter's Hall | 2 | 420 | / | 200 |
| Tree of Life | 6 | 2040 | / | 1110 |
| Tree of Ages | 2 | 640 | / | 360 |
| Tree of Eternity | 2 | 660 | / | 400 |
| total: | 32 | 6345g | / | 2650w |
| 0:02 | Wisp |
| 0:03 | Wisp |
| 0:08 | Altar of Elders |
| 0:18 | Moon Well |
| 0:19 | Wisp |
| 0:32 | Wisp |
| 0:45 | Wisp |
| 1:02 | Wisp |
| 1:23 | Wisp |
| 1:29 | Wisp |
| 1:37 | Ancient of War |
| 1:39 | Hunter's Hall |
| 1:50 | Wisp |
| 1:59 | Ancient of War |
| 2:11 | Force of Nature |
| 2:35 | Moon Well |
| 2:38 | Moon Well |
| 2:54 | Huntress |
| 3:29 | Huntress |
| 3:42 | Moon Well |
| 4:04 | Huntress |
| 4:22 | Huntress |
| 4:31 | Huntress |
| 4:36 | Ultravision |
| 4:38 | Entangling Roots |
| 5:07 | Huntress |
| 5:13 | Huntress |
| 6:06 | Entangling Roots |
| 6:12 | Huntress |
| 6:55 | Huntress |
| 6:57 | Tree of Ages |
| 7:22 | Strength of the Moon |
| 7:34 | Huntress |
| 7:58 | Huntress |
| 8:21 | Huntress |
| 9:12 | Huntress |
| 9:14 | Huntress |
| 9:17 | Moon Well |
| 9:23 | Moon Glaive |
| 10:01 | Moon Well |
| 10:59 | Huntress |
| 11:06 | Huntress |
| 11:20 | Trueshot Aura |
| 11:28 | Huntress |
| 11:40 | Huntress |
| 12:02 | Huntress |
| 12:21 | Huntress |
| 12:31 | Moon Armor |
| 13:44 | Huntress |
| 14:26 | Huntress |
| 14:34 | Tree of Life |
| 15:21 | Huntress |
| 15:56 | Huntress |
| 16:00 | Improved Strength of the Moon |
| 16:51 | Searing Arrows |
| 17:00 | Force of Nature |
| 17:19 | Tree of Eternity |
| 18:05 | Tree of Life |
| 19:26 | Tree of Life |
| 21:38 | Tree of Life |
| 22:42 | Tree of Life |
| 25:03 | Trueshot Aura |
| 25:31 | Wisp |
| 25:31 | Wisp |
| 25:31 | Wisp |
| 25:32 | Wisp |
| 26:04 | Entangling Roots |
| 26:08 | Wisp |
| 26:24 | Wisp |
| 26:26 | Wisp |
| 26:59 | Wisp |
| 26:59 | Wisp |
| 26:59 | Wisp |
| 27:19 | Hunter's Hall |
| 27:21 | Wisp |
| 27:21 | Wisp |
| 27:21 | Wisp |
| 27:58 | Altar of Elders |
| 28:02 | Wisp |
| 28:08 | Moon Well |
| 28:11 | Wisp |
| 28:24 | Ancient Protector |
| 28:27 | Wisp |
| 28:28 | Wisp |
| 28:31 | Ancient Protector |
| 28:35 | Ancient Protector |
| 28:37 | Wisp |
| 28:41 | Ancient Protector |
| 28:45 | Ancient Protector |
| 28:49 | Ancient Protector |
| 28:50 | Wisp |
| 29:04 | Ancient Protector |
| 29:09 | Wisp |
| 29:28 | Moon Well |
| 29:47 | Ancient of War |
| 29:50 | Ancient of War |
| 29:54 | Tree of Ages |
| 30:06 | Wisp |
| 30:06 | Wisp |
| 30:41 | Moon Well |
| 30:52 | Archer |
| 30:53 | Archer |
| 31:17 | Archer |
| 31:30 | Moon Well |
| 31:31 | Moon Well |
| 31:37 | Archer |
| 32:00 | Archer |
| 32:20 | Archer |
| 32:21 | Improved Bows |
| 32:23 | Tree of Eternity |
| 32:44 | Scroll of Town Portal |
| 32:45 | Potion of Lesser Invulnerability |
| 32:55 | Archer |
| 33:16 | Archer |
| 35:47 | Tree of Life |
| Right click | 1290 |
| Select group | 717 |
| Select | 399 |
| Misc. action | 206 |
| Chat | 171 |
| Build/train/purchase | 93 |
| Assign group | 62 |
| Use ability | 40 |
| Minimap ping | 39 |
| Resource trade | 12 |
| Remove unit | 2 |



| Rod of Necromancy | 4 | 600 |
| Potion of Mana | 1 | 200 |
| Orb of Corruption | 2 | 750 |
| Potion of Healing | 1 | 150 |
| Scroll of Town Portal | 3 | 1050 |
| Potion of Lesser Invulnerability | 2 | 300 |
| Boots of Speed | 1 | 250 |
| total: | 14 | 3300g |
| Acolyte | 8 | 600 | / | 0 |
| Ghoul | 8 | 960 | / | 0 |
| Obsidian Statue | 1 | 200 | / | 35 |
| Frost Wyrm | 11 | 4235 | / | 1320 |
| total: | 28 | 5995g | / | 1355w |
| Spirit Tower | 7 | 1015 | / | 280 |
| Crypt | 1 | 200 | / | 50 |
| Ziggurat | 9 | 1350 | / | 450 |
| Altar of Darkness | 1 | 180 | / | 50 |
| Tomb of Relics | 1 | 130 | / | 30 |
| Graveyard | 2 | 430 | / | 0 |
| Sacrificial Pit | 1 | 75 | / | 150 |
| Slaughterhouse | 1 | 140 | / | 135 |
| Boneyard | 3 | 525 | / | 600 |
| Halls of the Dead | 1 | 320 | / | 210 |
| Black Citadel | 1 | 325 | / | 230 |
| total: | 19 | 3030g | / | 1465w |
| 0:02 | Acolyte |
| 0:02 | Acolyte |
| 0:07 | Crypt |
| 0:09 | Ziggurat |
| 0:32 | Altar of Darkness |
| 0:56 | Ziggurat |
| 1:09 | Ghoul |
| 1:19 | Ghoul |
| 1:30 | Tomb of Relics |
| 1:40 | Ghoul |
| 1:52 | Ghoul |
| 2:05 | Ghoul |
| 2:14 | Ghoul |
| 2:32 | Death Coil |
| 2:35 | Rod of Necromancy |
| 2:56 | Ziggurat |
| 3:07 | Ghoul |
| 3:22 | Acolyte |
| 3:24 | Acolyte |
| 3:53 | Unholy Aura |
| 3:59 | Acolyte |
| 3:59 | Acolyte |
| 3:59 | Acolyte |
| 3:59 | Acolyte |
| 4:23 | Graveyard |
| 4:46 | Ghoul |
| 4:47 | Graveyard |
| 5:18 | Halls of the Dead |
| 5:21 | Death Coil |
| 5:44 | Rod of Necromancy |
| 5:51 | Ziggurat |
| 5:53 | Ziggurat |
| 5:54 | Ziggurat |
| 6:14 | Ziggurat |
| 6:15 | Ziggurat |
| 6:35 | Creature Attack |
| 6:35 | Creature Carapace |
| 6:45 | Spirit Tower |
| 6:47 | Spirit Tower |
| 7:10 | Ziggurat |
| 7:13 | Spirit Tower |
| 7:13 | Spirit Tower |
| 7:14 | Spirit Tower |
| 7:40 | Black Citadel |
| 7:53 | Sacrificial Pit |
| 8:06 | Potion of Lesser Invulnerability |
| 8:10 | Slaughterhouse |
| 8:39 | Frost Nova |
| 8:40 | Rod of Necromancy |
| 8:41 | Potion of Mana |
| 9:33 | Improved Creature Attack |
| 9:33 | Improved Creature Carapace |
| 9:47 | Obsidian Statue |
| 10:12 | Boneyard |
| 10:13 | Boneyard |
| 10:16 | Boneyard |
| 10:33 | Unholy Aura |
| 10:46 | Orb of Corruption |
| 10:50 | Potion of Healing |
| 10:54 | Advanced Creature Attack |
| 11:08 | Impale |
| 11:18 | Spirit Tower |
| 11:28 | Frost Wyrm |
| 11:29 | Frost Wyrm |
| 11:35 | Frost Wyrm |
| 12:02 | Rod of Necromancy |
| 12:06 | Frost Wyrm |
| 12:07 | Freezing Breath |
| 12:23 | Frost Wyrm |
| 12:48 | Advanced Creature Carapace |
| 13:32 | Dark Ritual |
| 13:51 | Frost Wyrm |
| 13:51 | Frost Wyrm |
| 14:25 | Frost Wyrm |
| 16:16 | Scroll of Town Portal |
| 16:18 | Orb of Corruption |
| 16:25 | Frost Wyrm |
| 17:27 | Frost Wyrm |
| 17:36 | Scroll of Town Portal |
| 18:06 | Frost Wyrm |
| 18:45 | Spirit Tower |
| 21:51 | Scroll of Town Portal |
| 21:55 | Boots of Speed |
| 24:03 | Spiked Carapace |
| 24:24 | Death Coil |
| 24:54 | Frost Nova |
| 26:16 | Impale |
| 30:15 | Dark Ritual |
| 31:20 | Potion of Lesser Invulnerability |
| 33:17 | Spiked Carapace |
| 34:33 | Unholy Aura |
| Select group | 2551 |
| Right click | 1689 |
| Select | 494 |
| Misc. action | 211 |
| Build/train/purchase | 112 |
| Use ability | 81 |
| Assign group | 31 |
| Resource trade | 11 |
| Item give/drop | 3 |
⇛
Teelo
(78)
(37:20) : 
| Lesser Clarity Potion | 4 | 280 |
| Ivory Tower | 7 | 280 |
| Potion of Mana | 2 | 400 |
| Orb of Fire | 1 | 325 |
| Potion of Healing | 4 | 600 |
| Scroll of Regeneration | 2 | 200 |
| Scroll of Town Portal | 2 | 700 |
| Staff of Teleportation | 1 | 150 |
| total: | 23 | 2935g |
| Peasant | 25 | 1875 | / | 0 |
| Footman | 5 | 675 | / | 0 |
| Gryphon Rider | 6 | 1680 | / | 420 |
| total: | 36 | 4230g | / | 420w |
| Scout Tower | 46 | 1380 | / | 920 |
| Arcane Tower | 3 | 210 | / | 150 |
| Guard Tower | 30 | 2100 | / | 1500 |
| Altar of Kings | 2 | 360 | / | 100 |
| Farm | 9 | 720 | / | 180 |
| Barracks | 2 | 320 | / | 120 |
| Lumber Mill | 1 | 120 | / | 0 |
| Arcane Vault | 2 | 260 | / | 60 |
| Blacksmith | 1 | 140 | / | 60 |
| Town Hall | 4 | 1540 | / | 820 |
| Arcane Sanctum | 1 | 150 | / | 140 |
| Gryphon Aviary | 2 | 280 | / | 300 |
| Keep | 3 | 960 | / | 630 |
| Castle | 2 | 720 | / | 420 |
| total: | 70 | 5270g | / | 2700w |
| 0:01 | Peasant |
| 0:02 | Peasant |
| 0:02 | Peasant |
| 0:19 | Altar of Kings |
| 0:33 | Farm |
| 0:37 | Peasant |
| 0:37 | Peasant |
| 0:49 | Barracks |
| 0:58 | Peasant |
| 1:04 | Lumber Mill |
| 1:14 | Scout Tower |
| 1:17 | Peasant |
| 1:35 | Peasant |
| 1:41 | Farm |
| 2:09 | Arcane Tower |
| 2:16 | Farm |
| 2:20 | Peasant |
| 2:20 | Peasant |
| 2:21 | Footman |
| 2:27 | Holy Light |
| 2:34 | Scout Tower |
| 2:55 | Footman |
| 2:58 | Arcane Vault |
| 3:04 | Scout Tower |
| 3:12 | Footman |
| 3:19 | Scout Tower |
| 3:21 | Scout Tower |
| 3:23 | Scout Tower |
| 3:24 | Scout Tower |
| 3:25 | Scout Tower |
| 3:28 | Improved Masonry |
| 3:36 | Guard Tower |
| 4:00 | Guard Tower |
| 4:01 | Peasant |
| 4:01 | Peasant |
| 4:23 | Lesser Clarity Potion |
| 4:23 | Lesser Clarity Potion |
| 4:32 | Footman |
| 4:43 | Defend |
| 4:54 | Keep |
| 4:56 | Devotion Aura |
| 5:17 | Blacksmith |
| 5:22 | Guard Tower |
| 6:00 | Farm |
| 6:01 | Farm |
| 6:43 | Town Hall |
| 6:46 | Scout Tower |
| 6:47 | Scout Tower |
| 6:54 | Scout Tower |
| 6:56 | Scout Tower |
| 7:08 | Scout Tower |
| 7:10 | Scout Tower |
| 7:12 | Scout Tower |
| 7:12 | Scout Tower |
| 7:14 | Scout Tower |
| 7:15 | Scout Tower |
| 7:16 | Scout Tower |
| 7:19 | Guard Tower |
| 7:20 | Peasant |
| 7:21 | Peasant |
| 7:21 | Peasant |
| 7:27 | Guard Tower |
| 7:52 | Guard Tower |
| 7:55 | Advanced Masonry |
| 8:08 | Lesser Clarity Potion |
| 8:10 | Ivory Tower |
| 8:11 | Ivory Tower |
| 8:28 | Guard Tower |
| 8:29 | Guard Tower |
| 8:50 | Guard Tower |
| 8:51 | Guard Tower |
| 8:59 | Peasant |
| 8:59 | Peasant |
| 9:29 | Castle |
| 9:33 | Divine Shield |
| 9:47 | Arcane Sanctum |
| 9:50 | Iron Forged Swords |
| 9:50 | Iron Plating |
| 9:55 | Barracks |
| 9:59 | Improved Lumber Harvesting |
| 10:02 | Lesser Clarity Potion |
| 10:03 | Ivory Tower |
| 10:03 | Ivory Tower |
| 10:05 | Potion of Mana |
| 11:06 | Magic Sentry |
| 11:23 | Steel Forged Swords |
| 11:29 | Staff of Teleportation |
| 11:46 | Scout Tower |
| 11:47 | Scout Tower |
| 11:48 | Scout Tower |
| 11:50 | Scout Tower |
| 11:52 | Scout Tower |
| 11:53 | Scout Tower |
| 11:56 | Gryphon Aviary |
| 11:57 | Gryphon Aviary |
| 12:03 | Advanced Lumber Harvesting |
| 12:23 | Guard Tower |
| 12:25 | Guard Tower |
| 12:43 | Guard Tower |
| 12:44 | Guard Tower |
| 12:49 | Peasant |
| 12:49 | Peasant |
| 13:02 | Guard Tower |
| 13:23 | Guard Tower |
| 13:41 | Orb of Fire |
| 13:41 | Ivory Tower |
| 13:46 | Gryphon Rider |
| 13:57 | Guard Tower |
| 14:01 | Ivory Tower |
| 14:11 | Arcane Tower |
| 14:31 | Potion of Healing |
| 15:04 | Potion of Healing |
| 15:07 | Ivory Tower |
| 15:14 | Gryphon Rider |
| 15:16 | Farm |
| 15:17 | Farm |
| 15:18 | Farm |
| 15:18 | Farm |
| 15:20 | Guard Tower |
| 15:48 | Storm Hammers |
| 16:06 | Gryphon Rider |
| 16:31 | Gryphon Rider |
| 16:37 | Studded Leather Armor |
| 17:25 | Mithril Forged Swords |
| 17:55 | Divine Shield |
| 18:30 | Gryphon Rider |
| 18:52 | Reinforced Leather Armor |
| 19:10 | Gryphon Rider |
| 19:15 | Imbued Masonry |
| 20:58 | Potion of Healing |
| 21:00 | Scroll of Town Portal |
| 21:01 | Scroll of Regeneration |
| 21:41 | Scout Tower |
| 21:41 | Scout Tower |
| 21:42 | Scout Tower |
| 21:43 | Scout Tower |
| 21:43 | Scout Tower |
| 21:49 | Town Hall |
| 22:00 | Scout Tower |
| 22:00 | Scout Tower |
| 22:29 | Scout Tower |
| 22:30 | Scout Tower |
| 22:32 | Guard Tower |
| 22:48 | Guard Tower |
| 23:32 | Divine Shield |
| 24:01 | Potion of Healing |
| 24:01 | Potion of Mana |
| 24:04 | Scroll of Regeneration |
| 24:16 | Guard Tower |
| 24:17 | Scout Tower |
| 24:17 | Scout Tower |
| 24:21 | Scout Tower |
| 24:43 | Guard Tower |
| 24:44 | Keep |
| 24:47 | Guard Tower |
| 24:49 | Scout Tower |
| 24:50 | Guard Tower |
| 24:51 | Scout Tower |
| 24:54 | Scout Tower |
| 25:14 | Altar of Kings |
| 25:20 | Guard Tower |
| 25:26 | Guard Tower |
| 26:16 | Footman |
| 26:32 | Scout Tower |
| 26:33 | Scout Tower |
| 26:35 | Scout Tower |
| 26:35 | Scout Tower |
| 26:37 | Scout Tower |
| 26:39 | Scout Tower |
| 27:01 | Guard Tower |
| 27:02 | Arcane Tower |
| 27:04 | Guard Tower |
| 27:04 | Guard Tower |
| 27:06 | Peasant |
| 27:06 | Peasant |
| 27:07 | Guard Tower |
| 27:39 | Castle |
| 27:56 | Town Hall |
| 29:40 | Town Hall |
| 31:00 | Peasant |
| 31:00 | Peasant |
| 31:00 | Peasant |
| 31:01 | Peasant |
| 31:13 | Scroll of Town Portal |
| 32:14 | Keep |
| 33:06 | Arcane Vault |
| 33:27 | Devotion Aura |
| Select group | 689 |
| Right click | 613 |
| Select | 329 |
| Chat | 169 |
| Build/train/purchase | 162 |
| Misc. action | 114 |
| Use ability | 60 |
| Assign group | 46 |
| Resource trade | 24 |
| Esc | 6 |
| Remove unit | 2 |
| Item give/drop | 1 |